 Dungeon Crawl Stone Soup version 0.31-a0-859-g9dce7d3444 (webtiles) character file.

Game seed: 13377687243416395939

14154 BinkBink the Fighter (level 11, -6/108 HPs)
             Began as a Minotaur Berserker on Oct 10, 2023.
             Was a High Priest of Trog.
             Mangled by a large slime creature (34 damage)
             ... on level 12 of the Dungeon.
             The game lasted 00:20:40 (14121 turns).

BinkBink the Fighter (Minotaur Berserker)          Turns: 14121, Time: 00:20:41

Health: -6/108     AC: 19    Str: 31    XL:     11   Next: 85%
Magic:  10/10      EV:  9    Int:  4    God:    Trog [*****.]
Gold:   698        SH:  0    Dex: 11    Spells: 10/10 levels left

rFire   . . .        w - +4 battleaxe
rCold   + . .        (shield currently unavailable)
rNeg    . . .        C - +1 plate armour {rC+}
rPois   .            (helmet restricted)
rElec   .            (no cloak)
rCorr   .            d - +1 pair of gloves
SInv    .            (no boots)
Will    +++..        n - amulet of faith Stlth
                     v - +6 ring of strength
HPRegen 1.38/turn    a - ring of willpower
MPRegen 0.12/turn

%: faith
@: strong-willed, regenerating
A: horns 2, retaliatory headbutt
a: Renounce Religion, Berserk, Trog's Hand, Brothers in Arms


You were on level 12 of the Dungeon.
You worshipped Trog.
Trog was extremely pleased with you.
You visited 2 branches of the dungeon, and saw 13 of its levels.

You collected 698 gold pieces.

Inventory:

Hand Weapons
 s - a +1 hand axe of chaos
 w - a +4 battleaxe (weapon)
Missiles
 x - a throwing net
Armour
 d - a +1 pair of gloves (worn)
 C - a +1 plate armour of cold resistance (worn)
Jewellery
 a - a ring of willpower (right hand)
 n - an amulet of faith (around neck)
 v - a +6 ring of strength (left hand)
 y - a ring of fire
 D - a ring of fire
Wands
 g - a wand of iceblast (12)
 h - a wand of mindburst (8)
 l - a wand of flame (12)
 p - a wand of polymorph (12)
 u - a wand of acid (6)
 B - a wand of charming (2)
Scrolls
 e - 2 scrolls of revelation
 f - a scroll of teleportation
 k - 2 scrolls of fear
 m - 2 scrolls of amnesia
 E - a scroll of identify
Potions
 b - a potion of haste {unknown}
 c - a potion of cancellation {unknown}
 i - a potion of berserk rage {unknown}
 j - 4 potions of curing
 o - 3 potions of mutation
 q - 2 potions of enlightenment {unknown}
 r - a potion of degeneration {unknown}
 t - a potion of magic {unknown}
 z - 2 potions of might
 A - a potion of heal wounds
 F - 2 potions of brilliance {unknown}


   Skills:
 + Level 13.8 Fighting
 + Level 13.6 Axes
 + Level 13.4 Armour
 - Level 2.1 Dodging


You had 10 spell levels left.
You didn't know any spells.
Your spell library was empty.

Dungeon Overview and Level Annotations

Branches:
Dungeon (12/15)            Temple (1/1) D:6            Lair (0/5) D:11
    Orc (0/2) D:11

Altars:
Ashenzari
Cheibriados
Dithmenos
Elyvilon
Fedhas
Gozag
Hepliaklqana
Kikubaaqudgha
Makhleb
Nemelex Xobeh
Okawaru
Qazlal
Ru
Sif Muna
Trog
Uskayaw
Vehumet
Wu Jian
Xom
Yredelemnul
Zin
The Shining One

Shops:
D:2 !   D:3 (

Annotations:
D:6 Jeremiah
D:11 4 transporters


Innate Abilities, Weirdness & Mutations

You have a pair of horns on your head.
You reflexively headbutt those who attack you in melee.


Message History

The slime creature hits you but does no damage.
The slime creature hits you!
You hit the slime creature.
The slime creature is almost dead.
You hit the large slime creature. x2; You hit the slime creature.
The large slime creature barely misses you.
A large slime creature splits.
The slime creature misses you. The slime creature hits you!
Unknown command.
You barely miss the slime creature.
The slime creature is severely wounded.
You slash the slime creature! x2; You hit the large slime creature.
You hit the slime creature but do no damage.
The slime creature hits you. The slime creature closely misses you.
The large slime creature hits you.
The slime creature hits you but does no damage.
The slime creature hits you.
You are too injured to fight recklessly!
You are too injured to fight recklessly!
You are too injured to fight recklessly!
Unknown command.
You are too injured to fight recklessly!
You are too injured to fight recklessly!
You barely miss the slime creature. You headbutt the slime creature!
You kill the slime creature!
Trog accepts your kill.
You slice the slime creature!!
You kill the slime creature!
Trog accepts your kill.
You slice the slime creature!! You slash the large slime creature!
You hit the slime creature. The large slime creature hits you!!
* * * LOW HITPOINT WARNING * * *
The slime creature completely misses you.
You furiously retaliate!
You headbutt the slime creature! The slime creature hits you.
* * * LOW HITPOINT WARNING * * *
Your skin crawls.
You feel strong-willed. The large slime creature hits you!!
You die...

#....##.......[...+......#...
#....##.......###'#......#...
#####....##..###..#......##+##...
...##....##..###..#......#..###'#
....#.............#......#..##...
....#.............#......#'###...
....#.....#...##..##+###.....#(..
...######.######..##..$#.....'...
...#..)...# #J@......#.....#...
...#......# #JJ.######.....####
...#......# #...#..............
...'......# #...#..............
...#......# #...#..............
...#......# ....#..............
########### ######.....######'#
#.....#....... #.....#.......


You could see a large slime creature and 2 slime creatures.

Vanquished Creatures
  Erica (D:10)
  2 two-headed ogres
  Urug (D:12)
  An ugly thing (D:12)
  3 cyclopes
  A gargoyle (D:8)
  A komodo dragon (D:10)
  2 trolls
  A hornet (D:10)
  6 slime creatures (D:12)
  4 shadows
  5 wyverns
  13 yaks
  2 vampire mosquitoes (D:12)
  A water moccasin (D:6)
  A black bear (D:7)
  2 ice beasts (D:5)
  2 orc warriors
  2 sky beasts (D:8)
  3 wolves (D:11)
  An ogre (D:5)
  5 centaurs
  3 phantoms
  2 kobold brigands
  2 gnoll sergeants
  2 scorpions
  3 bullfrogs
  4 wights (D:9)
  4 troll zombies (D:11)
  12 killer bees
  4 electric eels (D:11)
  6 howler monkeys
  2 jellies (D:6)
  3 gnoll boudas
  4 hounds
  6 orc priests
  An iron imp (D:3)
  A sleepcap (D:7)
  2 iguanas
  5 orc wizards
  4 ogre zombies (D:11)
  A mummy (D:5)
  18 gnolls
  6 adders
  A shadow imp (D:7)
  4 white imps
  An ufetubus (D:4)
  A worm (D:2)
  A dart slug (D:2)
  35 orcs
  7 ball pythons
  7 endoplasms
  2 giant cockroaches
  8 goblins
  8 hobgoblins
  4 jackals (D:2)
  A quokka (D:1)
  5 bats
  3 frilled lizards
  A goblin skeleton (D:11)
  2 goblin zombies (D:11)
  2 hobgoblin skeletons (D:11)
  5 hobgoblin zombies
  15 kobolds
  2 kobold zombies (D:5)
  4 orc skeletons (D:11)
  13 orc zombies
  6 rats
293 creatures vanquished.

Notes
Turn   | Place    | Note
-------+----------+-------------------------------------------
     0 | D:1      | BinkBink the Minotaur Berserker began the quest for the
                  | Orb.
     0 | D:1      | Reached XP level 1. HP: 19/19 MP: 0/0
   294 | D:1      | Reached XP level 2. HP: 27/27 MP: 1/1
   879 | D:2      | Reached ** piety under Trog
   884 | D:2      | Reached XP level 3. HP: 28/33 MP: 2/2
  1083 | D:2      | Found Sooxtuoto's Distillery.
  1104 | D:2      | Reached XP level 4. HP: 41/41 MP: 3/3
  1716 | D:3      | Found Kopral's Antique Weapon Shop.
  1840 | D:3      | Found a glowing silver altar of Zin.
  1853 | D:3      | Reached *** piety under Trog
  2365 | D:3      | Reached skill level 5 in Fighting
  2365 | D:3      | Reached XP level 5. HP: 24/48 MP: 4/4
  2503 | D:3      | Reached skill level 5 in Axes
  2712 | D:3      | Found a snail-covered altar of Cheibriados.
  2970 | D:4      | Reached XP level 6. HP: 54/56 MP: 5/5
  3635 | D:5      | Entered Level 5 of the Dungeon
  3680 | D:5      | Found a shimmering blue altar of Sif Muna.
  3850 | D:5      | Reached skill level 5 in Armour
  3970 | D:5      | Reached XP level 7. HP: 61/64 MP: 6/6
  3998 | D:5      | Found a sacrificial altar of Ru.
  5093 | D:6      | Noticed Jeremiah
  5203 | D:6      | Found a blossoming altar of Fedhas.
  5357 | D:6      | Reached XP level 8. HP: 62/73 MP: 7/7
  5554 | D:6      | Found a staircase to the Ecumenical Temple.
  5564 | Temple   | Entered the Ecumenical Temple
  6434 | D:7      | Found a broken altar of Ashenzari.
  6519 | D:7      | Reached **** piety under Trog
  6523 | D:7      | Found a glowing golden altar of the Shining One.
  7610 | D:8      | Reached XP level 9. HP: 66/83 MP: 8/8
  7656 | D:8      | Reached skill level 10 in Fighting
  8022 | D:7      | Reached skill level 10 in Axes
  8144 | D:8      | Noticed a gargoyle
  8393 | D:8      | Found an ornate altar of the Wu Jian Council.
  8552 | D:8      | Killed a gargoyle
  8553 | D:8      | Reached skill level 10 in Armour
  9081 | D:8      | Reached XP level 10. HP: 76/94 MP: 9/9
  9271 | D:9      | Identified the +8 long sword of Youthful Indiscretion
                  | {protect, rC+ Int+2}
  9797 | D:9      | Found a basalt altar of Yredelemnul.
  9840 | D:9      | Found an opulent altar of Gozag.
 10490 | D:10     | Entered Level 10 of the Dungeon
 10516 | D:10     | Found a sparkling altar of Nemelex Xobeh.
 10619 | D:10     | Reached ***** piety under Trog
 11218 | D:10     | Noticed Erica
 11239 | D:10     | Killed Erica
 11459 | D:10     | Found a burning altar of Makhleb.
 11690 | D:10     | Reached XP level 11. HP: 89/105 MP: 10/10
 11855 | D:11     | Noticed a two-headed ogre
 11870 | D:11     | Killed a two-headed ogre
 11909 | D:11     | Found a transporter.
 11911 | D:11     | Found a transporter.
 11913 | D:11     | Found a transporter.
 12179 | D:11     | Received a gift from Trog
 12181 | D:11     | Found a staircase to the Orcish Mines.
 12684 | D:11     | Found a transporter.
 13063 | D:11     | Found a staircase to the Lair.
 13383 | D:12     | Noticed a brown ugly thing
 13397 | D:12     | Killed a brown ugly thing
 13626 | D:12     | Noticed Urug
 13636 | D:12     | Killed Urug
 14010 | D:12     | Noticed a two-headed ogre
 14020 | D:12     | Noticed an ogre mage
 14021 | D:12     | Killed a two-headed ogre
 14022 | D:12     | Noticed a two-headed ogre
 14023 | D:12     | Noticed a two-headed ogre
 14024 | D:12     | Noticed a two-headed ogre
 14121 | D:12     | Mangled by a large slime creature

Illustrated notes

Levels and vault maps discovered:
D:1:      tarquinn_simple_flora_water_e, layout_loops_ring
D:2:      layout_rooms, serial_shops, shop, minmay_misc_feat_pillars,
          minmay_circle_x
D:3:      layout_basic, zin_academy, chei_slow_surprise, serial_shops, shop
D:4:      layout_loops_ring
D:5:      layout_loops_ring, led_sif_pool, mainiacjoe_overflow_chevrons,
          nrook_campfire, corexii_checkpoint_a, minmay_mini_ossuary
D:6:      layout_gridville, fedhas_altar_3, temple_statues, skrybe_limestone_x,
          uniq_jeremiah
D:7:      layout_loops_cross, mainiacjoe_overflow_small_starburst,
          mainiacjoe_overflow_catwalk
D:8:      layout_loops_ring, nicolae_wu_jian_wuxing_cycle
D:9:      layout_irregular_city, mainiacjoe_overflow_alcove_2,
          lemuel_crystal_altar
D:10:     layout_cave_pods, marbit_many_paths, kennysheep_mini_moat,
          grunt_ministairs_4, uniq_erica
D:11:     layout_grid_maze, erik_lair_island, zombieorc2_lemuel,
          nicolae_diode_quadrants
D:12:     layout_gridville, nicolae_hepliaklqana_ecumenical_no_more, uniq_urug,
          uniq_rupert
Temple:   zaba_magenta_temple

Skill      XL: |  1  2  3  4  5  6  7  8  9 10 11 |
---------------+----------------------------------+-----
Fighting       | 4 5 6 7 9 10 12 13 | 13.8
Axes           | 4 5 6 7 8 10 12 13 | 13.6
Armour         | 3 4 5 6 8 10 11 13 | 13.4
Dodging        | |  2.1

Action                     |  1- 3 |  4- 6 |  7- 9 | 10-12 || total
---------------------------+-------+-------+-------+-------++-------
  Melee: Hand axe          |    83 |   135 |   293 |    86 ||   597
         Headbutt          |    14 |    26 |    61 |    60 ||   161
         Punch             |       |       |     5 |       ||     5
         Battleaxe         |       |       |       |   196 ||   196
 Invoke: Trog's Hand       |       |       |     1 |     2 ||     3
    Use: Potion            |       |     1 |     6 |       ||     7
         Scroll            |       |       |    10 |     5 ||    15
   Stab: Sleeping          |     1 |       |       |       ||     1
 Armour: Animal skin       |    42 |     6 |       |       ||    48
         Scale mail        |       |    83 |   212 |       ||   295
         Chain mail        |       |       |     7 |    91 ||    98
         Plate armour      |       |       |       |   215 ||   215
  Dodge: Dodged            |    50 |    63 |   141 |   147 ||   401

Table legend: (Time is in decaauts)
 A = Elapsed time spent in this place.
 B = Non-inter-level travel time spent in this place.
 C = Inter-level travel time spent in this place.
 D = Time resting spent in this place.
 E = Time spent auto-exploring this place.
 F = Levels seen in this place.
 G = Mean time per level.
                   A        B        C        D        E       F      G
               +--------+--------+--------+--------+--------+-----+--------+
         Total |  14174 |  13258 |    916 |   2032 |   9081 |  13 | 1090.3 |
       Dungeon |  14140 |  13257 |    883 |   2032 |   9081 |  12 | 1178.3 |
        Temple |     33 |      0 |     33 |      0 |      0 |   1 |   33.0 |
               +--------+--------+--------+--------+--------+-----+--------+

Top non-repeatable levels by time:
     D:5: 1836 daAuts
    D:11: 1638 daAuts
     D:3: 1481 daAuts
     D:8: 1454 daAuts
    D:10: 1301 daAuts
     D:9: 1283 daAuts
     D:7: 1063 daAuts
     D:6: 987 daAuts
     D:1: 879 daAuts
     D:4: 836 daAuts
    D:12: 707 daAuts
     D:2: 671 daAuts
  Temple: 33 daAuts
